woodfighter, chaotic female human Barbarian ----------- |kokkGGooG| |ooGGoodj.| |Ghko.oofG| ------ |hkoo.xa@'| ###..`..+ |....xxxkd| --------------- # |....| ---------|- |.............|### #+....| ####### ##....<..........#####----+- # # |.............|### ####### ## ### --------------- # -.------- # # |^......| ### # |.....*.|#################################### |.......-##### -.-.--------+-- --------- |.............| |*............| |...`.........| --------------- woodfighter the Pillager Experience level: 5 Strength: 18 Dexterity: 16 Constitution: 18 Intelligence: 8 Wisdom: 8 Charisma: 7 Health: 0(62) Energy: 11(11) Def: 3 Gold: 308 Moves: 1670 Dungeon seed: Qyz9SIxpOyydrVoG Game ID: woodfighter_1567536125 Your Inventory: Coins $ - 308 gold pieces Weapons a - a +0 battle-axe (weapon in hands) b - a +0 short sword (alternate weapon; not wielded) Armor e - an uncursed +0 ring mail (being worn) n - an uncursed +0 orcish helm N - an uncursed +0 orcish helm Comestibles c - 2 uncursed food rations f - an uncursed magic bean p - an uncursed tripe ration B - an uncursed egg Scrolls d - an uncursed scroll of identify i - an uncursed scroll of scare monster l - a cursed scroll of genocide m - an uncursed scroll of light o - a blessed scroll of identify t - an uncursed scroll of blank paper u - an uncursed scroll of magic mapping y - an uncursed scroll of scare monster A - an uncursed scroll of enchant armor Spellbooks w - an uncursed spellbook of detect food Potions h - an uncursed potion of sleeping k - an uncursed potion of booze s - an uncursed potion of healing z - an uncursed potion of hallucination Wands r - a wand of enlightenment (0:11) v - a wand of enlightenment (0:15) Tools x - a +0 pick-axe Gems q - an uncursed worthless piece of violet glass Spells and supernatural/magical abilities: Name Level Category Fail Memory W - pray for help -- divine ? -- Your skills at the end: Miscellaneous Skills bare handed combat [Basic] Weapon Skills axe [Basic] short sword [Basic] Spellcasting Skills Final Attributes: You were piously aligned. You were poison resistant. You were held by a rope golem. You are dead. You faced a greater challenge. Vanquished creatures: 3 bugbears 2 ponies 2 gnome lords a kitten a kobold shaman an iguana a jitterbug a killer bee 2 coyotes 2 acid blobs a gecko 5 hobgoblins a giant rat a gnome a gnome zombie 4 kobolds 2 newts 2 goblins 6 grid bugs 4 bats 2 lichens 45 creatures vanquished. Voluntary challenges: You did not adorn yourself with jewelry or accessories. You did not cause conflict. You were not invisible. You did not have reflection. You were not displaced. You were an atheist. You used a wielded weapon 54 times, starting on turn 2. You did not use containers. You did not apply a unicorn horn. You did not use plumbed fixtures. You did not drink any magical draughts. You were illiterate. You never genocided any monsters. You never polymorphed an object. You never changed form. You used no wishes. You never split a pudding. You never wrote Elbereth's name. You never violated your personal moral code. Dungeon overview: The Dungeons of Doom: levels 1 to 5 Level 1 a long staircase Level 2 (box) a weapon shop, an altar to Crom, a fountain stairs to The Gnomish Mines Level 3 Level 4 (eye + water) a fountain Level 5 (eye) <- You were here a throne The Gnomish Mines: Level 3 stairs to The Dungeons of Doom History has recorded: On T:1 you entered the Dungeons of Doom to retrieve the Amulet of Yendor! On T:279 you reached level 2 of The Dungeons of Doom. On T:470 you advanced to experience level 2. On T:578 you reached level 3 of The Dungeons of Doom. On T:598 you reached level 1 of The Gnomish Mines. On T:858 you advanced to experience level 3. On T:981 you reached level 4 of The Dungeons of Doom. On T:1064 you advanced to experience level 4. On T:1280 you reached level 5 of The Dungeons of Doom. On T:1600 you advanced to experience level 5. Score breakdown: Gold: 308 ( 30 points) Experience: 5 levels ( 400 points) Exploration: 5 levels ( 120 points) Discoveries: 15 items ( 750 points) Variety of kills: 21 monsters ( 1050 points) Major goal: (nothing yet) ( 0 points) Survival: died (score multiplied by 6) Total score: 14100 Latest messages: You kill the bugbear! You kill the gnome! You kill the hobgoblin! You resume your meal. You finish eating the bugbear corpse. There are a few objects here. The gnome lord picks up an orcish helm. The gnome lord puts on an orcish helm. You kill the hobgoblin! You smite the gnome lord! The gnome lord punches you! You kill the gnome lord! There are several objects here. You smite the bugbear! You kill the bugbear! You smite the gnome lord! The gnome lord reads a scroll labeled ZELGO MER! You kill the killer bee! The hobgoblin wields an orcish dagger! The orcish dagger welds itself to the hobgoblin's hand! The fox misses. The large kobold punches you! The killer bee misses. The rope golem claws you! (2x) The rope golem grabs you! You die... Final status: Goodbye woodfighter the Barbarian, killed by a rope golem... You died in The Dungeons of Doom on dungeon level 5 with 14100 points, and 308 pieces of gold, after 1670 moves. You were level 5 with a maximum of 62 hit points when you died.